 Dungeon Crawl Stone Soup version 0.25.1-2-g60ff931df9 (webtiles) character file.

Game seed: 10425192705119690

123 Brazos the Sneak (level 5, -5/30 HPs)
             Began as an Octopode Assassin on Sept 29, 2020.
             Was an Initiate of Hepliaklqana.
             Slain by an orc priest
             ... wielding a +0 hand axe
              (7 damage)
             ... on level 3 of the Dungeon.
             The game lasted 00:06:00 (1862 turns).

Brazos the Sneak (Octopode Assassin)                Turns: 1862, Time: 00:06:00

Health: -5/30      AC:  1    Str: 10    XL:     5   Next: 7%
Magic:  5/5        EV: 13    Int: 14    God:    Hepliaklqana [......]
Gold:   90         SH:  0    Dex: 14    Spells: 4/4 levels left

rFire    . . .     SeeInvis .   a - +2 dagger
rCold    . . .     Gourm    .   (no shield)
rNeg     . . .     Faith    .   (helmet restricted)
rPois    .         Spirit   .   (no amulet)
rElec    .         Reflect  .   g - ring of stealth
rCorr    .         Harm     .   (no ring)
MR       .....                  (no ring)
Stlth    ++++++....             (no ring)
HPRegen  0.10/turn              (no ring)
MPRegen  0.09/turn              (no ring)
                                (no ring)
                                (no ring)

@: no status effects
A: almost no armour, stealthy swim, amphibious, 8 rings, constrict 8, reduced
essence, camouflage 1, gelatinous body 1
a: Recall Ancestor, Ancestor Identity, Renounce Religion


You were on level 3 of the Dungeon.
You worshipped Hepliaklqana.
Hepliaklqana was noncommittal.
You were hungry.

You visited 1 branch of the dungeon, and saw 3 of its levels.

You collected 90 gold pieces.

Inventory:

Hand Weapons
 a - a +2 dagger (weapon)
Missiles
 b - 8 poisoned darts (quivered)
 c - 2 curare-tipped darts
Jewellery
 g - a ring of stealth (left tentacle)
Scrolls
 f - a scroll of remove curse
Potions
 h - a potion of brilliance {unknown}
 j - a potion of resistance {unknown}
 k - a potion of haste {unknown}
 m - a potion of mutation {unknown}
Comestibles
 d - 5 rations


   Skills:
 - Level 2.0 Fighting
 * Level 3.5 Short Blades
 - Level 2.0 Throwing
 + Level 1.3 Dodging
 + Level 7.3 Stealth


You had 4 spell levels left.
You didn't know any spells.
Your spell library was empty.

Dungeon Overview and Level Annotations

Branches:
Dungeon (3/15)

Altars:
Fedhas
Hepliaklqana


Innate Abilities, Weirdness & Mutations

You cannot wear most types of armour.
You are very stealthy in the water. (Stealth+)
You are amphibious.
You can wear up to eight rings at the same time.
You can use your tentacles to constrict eight enemies at once.
Your skin changes colour to match your surroundings (Stealth+).
Your rubbery body absorbs attacks. (AC +1, EV +1)
Your life essence is reduced to manifest your ancestor. (-10% HP)


Message History

The orc is severely wounded.
You constrict the orc, but do no damage.
The orc hits you.
Sagil-Zimu hits the orc.
You hit the orc but do no damage.
The orc is almost dead.
You constrict the orc.
You kill the orc!
The orc priest casts a cantrip, but nothing happens.
Things that are here:
a +0 scale mail; an orc corpse You hit the orc priest.
You grab the orc priest.
The orc priest is lightly wounded.
You constrict the orc priest. The orc hits you with a +0 short sword.
The orc priest hits you with a +0 hand axe!
* * * LOW HITPOINT WARNING * * *
You hit the orc priest.
The orc priest is heavily wounded.
You constrict the orc priest. The orc barely misses you.
The orc priest hits you with a +0 hand axe!
You die...

## ... .⌠.⌠
#########..
.........
#.....#
+..o..#
##.R@o.#
#......#
#......#
#.<....+
#......#
#.$....#
####+###


You could see the friendly Sagil-Zimu the ancestor (inner flame), an orc priest
and an orc.

Vanquished Creatures
  A bullfrog (D:2)
  An adder (D:2)
  An ooze (D:1)
  3 dart slugs (D:1)
  An orc (D:3)
  2 giant cockroaches
  2 goblins
  3 hobgoblins
  2 jackals (D:1)
  3 bats (D:1)
  3 frilled lizards (D:1)
  4 kobolds (D:1)
  12 rats
38 creatures vanquished.

Vanquished Creatures (collateral kills)
  An adder (D:2)
1 creature vanquished.

Grand Total: 39 creatures vanquished

Notes
Turn   | Place    | Note
-------+----------+-------------------------------------------
     0 | D:1      | Brazos the Octopode Assassin began the quest for the Orb.
     0 | D:1      | Reached XP level 1. HP: 14/14 MP: 1/1
    41 | D:1      | Reached XP level 2. HP: 19/19 MP: 2/2
   376 | D:1      | Reached skill level 6 in Stealth
   610 | D:1      | Reached XP level 3. HP: 24/24 MP: 3/3
   996 | D:2      | Found a blossoming altar of Fedhas.
  1056 | D:2      | Noticed a bullfrog
  1065 | D:2      | Killed a bullfrog
  1065 | D:2      | Reached skill level 7 in Stealth
  1065 | D:2      | Reached XP level 4. HP: 20/29 MP: 4/4
  1233 | D:2      | Found a hazy altar of Hepliaklqana.
  1239 | D:2      | Became a worshipper of Hepliaklqana the Forgotten
  1327 | D:2      | Reached XP level 5. HP: 13/30 MP: 5/5
  1862 | D:3      | Slain by an orc priest

Illustrated notes

Levels and vault maps discovered:
D:1:      onia_arrival_handbag, layout_loops_corners,
          chequers_serial_rivers_micro_d
D:2:      layout_loops_ring, fedhas_altar_2, overflow_temple_1_default
D:3:      layout_basic, kennysheep_slug_shrine,
          nemelex_xobeh_ov_fountains_minmay, lemuel_crystal_altar,
          uniq_crazy_yiuf_cottage, uniq_robin

Skill      XL: |  1  2  3 |
---------------+----------+-----
Stealth        | 6 7 |  7.3
Short Blades   | 3 |  3.5
Fighting       | |  2.0
Throwing       | |  2.0
Dodging        | |  1.3

Action                   |  1- 3 |  4- 6 || total
-------------------------+-------+-------++-------
Melee: Dagger            |    54 |    13 ||    67
       Constrict         |    10 |     4 ||    14
       Tentacles         |     4 |     2 ||     6
  Use: Scroll            |       |     5 ||     5
 Stab: Sleeping          |    19 |     2 ||    21
  Eat: Chunk             |       |     2 ||     2
Armor: Skin              |     1 |     2 ||     3
Dodge: Dodged            |    20 |     3 ||    23
